 Dungeon Crawl Stone Soup version 0.26-a0-672-g1df16c3386 (webtiles) character file.

Game seed: 13002585694855507780

22 robertstho the Chiller (level 2, -3/20 HPs)
             Began as a Gnoll Ice Elementalist on Oct 19, 2020.
             Slain by a gnoll
             ... wielding a +0 spear
              (5 damage)
             ... on level 3 of the Dungeon.
             The game lasted 00:02:21 (452 turns).

robertstho the Chiller (Gnoll Ice Elementalist)      Turns: 452, Time: 00:02:21

Health: -3/20      AC:  4    Str: 10    XL:     2   Next: 91%
Magic:  7/7        EV: 14    Int: 17    God:
Gold:   11         SH:  0    Dex: 15    Spells: 9/10 levels left

rFire    . . .     SeeInvis .   g - +0 dagger (venom)
rCold    . . .     Faith    .   (no shield)
rNeg     . . .     Spirit   .   a - +0 robe
rPois    .         Reflect  .   (no helmet)
rElec    .         Harm     .   c - +1 cloak
rCorr    .         Rampage  .   (no gloves)
MR       .....                  (no boots)
Stlth    +++.......             (no amulet)
HPRegen  0.06/turn              (no ring)
MPRegen  0.10/turn              (no ring)

@: no status effects
A: distributed training, fangs 1, strong nose
a: no special abilities


You were on level 3 of the Dungeon.
You visited 1 branch of the dungeon, and saw 3 of its levels.

You collected 11 gold pieces.

Inventory:

Hand Weapons
 f - a +0 dagger
 g - a +0 dagger of venom (weapon)
Missiles
 h - 15 poisoned darts (quivered)
Armour
 a - a +0 robe (worn)
 c - a +1 cloak (worn)


   Skills:
 + Level 0.5 Fighting
 + Level 0.5 Short Blades
 + Level 0.5 Long Blades
 + Level 0.5 Axes
 + Level 0.5 Maces & Flails
 + Level 0.5 Polearms
 + Level 0.5 Staves
 + Level 0.5 Slings
 + Level 0.5 Bows
 + Level 0.5 Crossbows
 + Level 0.5 Throwing
 + Level 0.5 Armour
 + Level 4.5 Dodging
 + Level 4.1 Stealth
 + Level 0.5 Shields
 + Level 0.5 Unarmed Combat
 + Level 4.9 Spellcasting
 + Level 0.4 Conjurations
 + Level 0.4 Hexes
 + Level 0.4 Summonings
 + Level 0.4 Necromancy
 + Level 0.4 Translocations
 + Level 0.4 Transmutations
 + Level 0.4 Fire Magic
 + Level 7.0 Ice Magic
 + Level 0.4 Air Magic
 + Level 0.4 Earth Magic
 + Level 0.4 Poison Magic
 + Level 0.7 Invocations
 + Level 0.5 Evocations


You had 9 spell levels left.
You knew the following spells:

 Your Spells              Type           Power        Failure   Level
a - Freeze                Ice            ####         1%          1

Your spell library contained the following spells:

 Spells                   Type           Power        Failure   Level
 Frozen Ramparts          Ice            ####..       2%          3
 Ozocubu's Armour         Ice            ####....     2%          3
 Hailstorm                Conj/Ice       ###.....     30%         4
 Summon Ice Beast         Ice/Summ       ###.....     30%         4


Dungeon Overview and Level Annotations

Branches:
Dungeon (3/15)

Altars:

Annotations:
D:2 Sigmund
D:3 1 runed translucent door


Innate Abilities, Weirdness & Mutations

Your experience applies equally to all skills.
You have very sharp teeth.
Your uncanny sense of smell can sniff out nearby items.


Message History

The orc closely misses you.
The orc throws a boomerang.
The boomerang hits you but does no damage.
The weapon returns to the orc!
The jackal bites you but does no damage.
The orc throws a boomerang.
The boomerang misses you.
The weapon returns to the orc!
The jackal bites you. The jackal closely misses you.
The jackal completely misses you.
Found a runed translucent door.
The orc hits you with a +0 club.
* * * LOW HITPOINT WARNING * * *
The kobold hits you but does no damage.
The gnoll hits you from afar with a +0 spear.
* * * LOW HITPOINT WARNING * * *
The gnoll closely misses you.
The orc throws a boomerang.
The boomerang closely misses you.
The weapon returns to the orc!
The kobold completely misses you.
The gnoll hits you from afar with a +0 spear.
You die...

############
##..........##
##............##
#......g..o....#
#.......g.go...#
######........gohhh.#
....<..........K....#
...............g@...#
......#............##
..................##
.........######.###
......##.. .. ......#
#.. ##+ ......# ...
#.≈∆ #.≈


You could see 4 gnolls, 3 orcs, 3 jackals, a goblin and a kobold.

Vanquished Creatures
  A worm (D:2)
  A leopard gecko (D:2)
  6 goblins
  A hobgoblin (D:1)
  2 bats
  A frilled lizard (D:1)
  4 kobolds
  2 rats (D:1)
18 creatures vanquished.

Notes
Turn   | Place    | Note
-------+----------+-------------------------------------------
     0 | D:1      | robertstho the Gnoll Ice Elementalist began the quest for
                  | the Orb.
     0 | D:1      | Reached XP level 1. HP: 13/13 MP: 6/6
   145 | D:1      | Reached XP level 2. HP: 19/19 MP: 5/7
   151 | D:1      | You fall into a shaft and drop 1 floor!
   401 | D:2      | Noticed Sigmund
   450 | D:3      | Found a runed translucent door.
   452 | D:3      | Slain by a gnoll

Illustrated notes

Levels and vault maps discovered:
D:1:      ebering_hopf_link, layout_rooms
D:2:      layout_basic, chequers_serial_rivers_small_a, fedhas_altar_2,
          uniq_sigmund
D:3:      layout_rooms, ebering_ghost_reflecting_pool, makhleb_heckhound_becter

Action                   || total
-------------------------++-------
Melee: Unarmed           ||     7
       Dagger            ||    24
       Bite              ||     2
 Cast: Freeze            ||    19
  Use: Scroll            ||     2
       Potion            ||     1
Armor: Robe              ||    16
Dodge: Dodged            ||    61

Table legend: (Time is in decaauts)
 A = Elapsed time spent in this place.
 B = Non-inter-level travel time spent in this place.
 C = Inter-level travel time spent in this place.
 D = Time resting spent in this place.
 E = Time spent auto-exploring this place.
 F = Levels seen in this place.
 G = Mean time per level.
                   A        B        C        D        E       F      G
               +--------+--------+--------+--------+--------+-----+--------+
         Total |    450 |    450 |      0 |    135 |    117 |   3 |  150.0 |
       Dungeon |    450 |    450 |      0 |    135 |    117 |   3 |  150.0 |
               +--------+--------+--------+--------+--------+-----+--------+

Top non-repeatable levels by time:
     D:2: 280 daAuts
     D:1: 151 daAuts
     D:3: 18 daAuts
